[ PARTIDA AOE2 · #475296402 ]
UnrankedBereberes vs Huns
Equipo del jugador · DERR
[ ANÁLISIS DE REPETICIÓN · EXTRAÍDO DE LA PARTIDA GRABADA ]
Feudal
9:16
Castillos
26:41
Imperial
—
| APM promedio | 62.0 |
| APM pico | 142 |
| eAPM promedio | 21.3 |
| Aldeanos / militares | 97 / 62 |
Foco
⚔️ 31.9% · 🌾 68.1%
Knight ×40 · Scout Cavalry ×22
Feudal
10:14
Castillos
28:03
Imperial
—
| APM promedio | 50.2 |
| APM pico | 100 |
| eAPM promedio | 18.6 |
| Aldeanos / militares | 94 / 109 |
Foco
⚔️ 47.1% · 🌾 52.9%
Archer ×109
Feudal
9:17
Castillos
26:13
Imperial
—
| APM promedio | 41.5 |
| APM pico | 61 |
| eAPM promedio | 18.2 |
| Aldeanos / militares | 96 / 123 |
Foco
⚔️ 36.6% · 🌾 63.4%
Knight ×94 · Scout Cavalry ×28 · Spearman ×1
Feudal
10:22
Castillos
28:22
Imperial
—
| APM promedio | 32.0 |
| APM pico | 61 |
| eAPM promedio | 15.3 |
| Aldeanos / militares | 66 / 133 |
Foco
⚔️ 42.1% · 🌾 57.9%
Archer ×128 · Mangonel ×2 · Spearman ×2 · Scorpion ×1
Feudal
8:57
Castillos
26:27
Imperial
—
| APM promedio | 90.7 |
| APM pico | 162 |
| eAPM promedio | 15.5 |
| Aldeanos / militares | 81 / 137 |
Foco
⚔️ 35.5% · 🌾 64.5%
Knight ×85 · Scout Cavalry ×52
Feudal
9:00
Castillos
27:08
Imperial
—
| APM promedio | 58.1 |
| APM pico | 91 |
| eAPM promedio | 26.6 |
| Aldeanos / militares | 76 / 110 |
Foco
⚔️ 36.1% · 🌾 63.9%
Archer ×103 · Mangonel ×7
Feudal
10:17
Castillos
25:35
Imperial
—
| APM promedio | 63.5 |
| APM pico | 115 |
| eAPM promedio | 27.2 |
| Aldeanos / militares | 91 / 182 |
Foco
⚔️ 38.2% · 🌾 61.8%
Scout Cavalry ×132 · Knight ×50
Feudal
9:21
Castillos
22:20
Imperial
37:18
| APM promedio | 51.8 |
| APM pico | 97 |
| eAPM promedio | 19.6 |
| Aldeanos / militares | 63 / 69 |
Foco
⚔️ 38.2% · 🌾 61.8%
Archer ×66 · Genoese Crossbowman ×2 · Monk ×1
Mapa de la partida
Recursos iniciales + cada clic de construcción. Líneas = muros · curvas = relieve. ◆ oro · ⬟ piedra · ● bayas · ✦ reliquia · ◌ hueco del cierre
Tu base· Abierta — flanco sin cerrar
Base de Mal Vecino· Abierta — flanco sin cerrar
Base de [KOF]_ChavaAzcona· ✓ Cerrada en 26:13 · 59t muro · 1 puerta(s)
Base de GranSaiyaman420· Abierta — hueco de 4t
Base de Forezth· Abierta — flanco sin cerrar
Base de [KOF] alexisosunag· ✓ Cerrada en 27:08 · 52t muro · 3 puerta(s)
Base de kechecho· Abierta — flanco sin cerrar
Base de JR | Xepher· Abierta — flanco sin cerrar
Terreno inicial suavizado · ◌ = hueco del cierre detectado · pasá el cursor para detalles
Inputs por minuto
— JR | Cerbs98 - - Mal Vecino
Build order — JR | Cerbs98
Primeras 150 de 286 acciones detectadas
| 0:01 | Crear | Villager (Male) |
| 0:01 | Crear | Villager (Male) |
| 0:01 | Crear | Villager (Male) |
| 0:03 | Construir | House |
| 0:05 | Construir | House |
| 0:25 | Crear | Villager (Male) |
| 1:32 | Crear | Villager (Male) |
| 1:51 | Construir | Lumber Camp |
| 1:53 | Crear | Villager (Male) |
| 2:20 | Crear | Villager (Male) |
| 2:50 | Crear | Villager (Male) |
| 2:50 | Crear | Villager (Male) |
| 3:14 | Crear | Villager (Male) |
| 3:14 | Crear | Villager (Male) |
| 3:37 | Crear | Villager (Male) |
| 3:56 | Construir | House |
| 3:59 | Construir | House |
| 4:09 | Crear | Villager (Male) |
| 4:22 | Crear | Villager (Male) |
| 4:22 | Crear | Villager (Male) |
| 4:44 | Construir | Mill |
| 4:54 | Crear | Villager (Male) |
| 5:34 | Crear | Villager (Male) |
| 5:35 | Crear | Villager (Male) |
| 6:29 | Investigar | Loom |
| 6:56 | Investigar | Feudal Age |
| 7:44 | Construir | Barracks |
| 8:38 | Construir | House |
| 9:16 | Edad | Edad Feudal |
| 9:20 | Construir | Stable |
| 9:37 | Crear | Villager (Male) |
| 9:40 | Investigar | Horse Collar |
| 9:41 | Investigar | Double-Bit Axe |
| 9:51 | Construir | House |
| 10:09 | Crear | Villager (Male) |
| 10:21 | Crear | Scout Cavalry |
| 10:21 | Crear | Scout Cavalry |
| 10:35 | Construir | Lumber Camp |
| 11:03 | Crear | Scout Cavalry |
| 11:08 | Crear | Villager (Male) |
| 11:10 | Crear | Villager (Male) |
| 11:28 | Crear | Scout Cavalry |
| 11:35 | Construir | Blacksmith |
| 11:37 | Construir | Farm |
| 11:38 | Crear | Villager (Male) |
| 12:06 | Construir | Farm |
| 12:22 | Crear | Scout Cavalry |
| 12:39 | Construir | Farm |
| 12:40 | Crear | Villager (Male) |
| 12:50 | Crear | Scout Cavalry |
| 12:53 | Construir | House |
| 13:05 | Crear | Villager (Male) |
| 13:24 | Crear | Scout Cavalry |
| 13:41 | Construir | House |
| 13:42 | Investigar | Scale Barding Armor |
| 13:42 | Investigar | Scale Barding Armor |
| 13:53 | Crear | Scout Cavalry |
| 13:58 | Construir | Farm |
| 13:59 | Crear | Villager (Male) |
| 13:59 | Crear | Villager (Male) |
| 14:01 | Construir | Farm |
| 14:01 | Construir | Farm |
| 14:02 | Construir | Farm |
| 14:02 | Construir | Farm |
| 14:05 | Crear | Villager (Male) |
| 14:18 | Construir | House |
| 14:21 | Construir | Farm |
| 14:26 | Crear | Villager (Male) |
| 14:29 | Construir | Farm |
| 14:32 | Construir | Farm |
| 14:41 | Crear | Scout Cavalry |
| 14:52 | Construir | Palisade Wall |
| 14:55 | Construir | Palisade Wall |
| 15:03 | Construir | Mining Camp |
| 15:04 | Crear | Villager (Male) |
| 15:22 | Construir | Farm |
| 15:45 | Construir | Farm |
| 15:49 | Investigar | Forging |
| 15:51 | Construir | House |
| 16:01 | Crear | Villager (Male) |
| 16:18 | Crear | Scout Cavalry |
| 16:30 | Construir | House |
| 16:34 | Crear | Villager (Male) |
| 16:36 | Construir | Farm |
| 16:50 | Crear | Villager (Male) |
| 16:53 | Construir | House |
| 17:06 | Crear | Scout Cavalry |
| 17:07 | Crear | Scout Cavalry |
| 17:10 | Crear | Scout Cavalry |
| 17:35 | Crear | Villager (Male) |
| 17:37 | Construir | Farm |
| 17:39 | Construir | Farm |
| 17:41 | Crear | Villager (Male) |
| 17:42 | Construir | House |
| 17:56 | Construir | Stable |
| 18:12 | Crear | Scout Cavalry |
| 18:18 | Construir | Palisade Wall |
| 18:35 | Construir | Farm |
| 18:37 | Crear | Villager (Male) |
| 18:39 | Construir | Farm |
| 18:46 | Crear | Villager (Male) |
| 18:54 | Construir | House |
| 18:59 | Crear | Villager (Male) |
| 19:12 | Construir | Farm |
| 19:22 | Crear | Villager (Male) |
| 19:30 | Construir | House |
| 19:39 | Crear | Scout Cavalry |
| 20:05 | Crear | Scout Cavalry |
| 20:08 | Construir | Stable |
| 20:24 | Investigar | Bloodlines |
| 20:25 | Crear | Scout Cavalry |
| 20:26 | Crear | Villager (Male) |
| 20:34 | Construir | House |
| 20:40 | Crear | Scout Cavalry |
| 20:54 | Crear | Villager (Male) |
| 20:58 | Construir | Farm |
| 21:04 | Construir | House |
| 21:07 | Crear | Scout Cavalry |
| 21:32 | Crear | Scout Cavalry |
| 21:36 | Construir | Farm |
| 21:37 | Crear | Villager (Male) |
| 21:47 | Construir | House |
| 21:48 | Crear | Villager (Male) |
| 21:50 | Crear | Scout Cavalry |
| 22:00 | Construir | House |
| 22:09 | Crear | Scout Cavalry |
| 22:15 | Crear | Villager (Male) |
| 22:51 | Crear | Villager (Male) |
| 22:54 | Construir | Farm |
| 22:56 | Construir | Farm |
| 23:30 | Construir | House |
| 23:36 | Crear | Villager (Male) |
| 23:39 | Construir | Farm |
| 23:59 | Investigar | Castle Age |
| 23:59 | Investigar | Castle Age |
| 25:04 | Construir | Farm |
| 25:07 | Construir | House |
| 25:32 | Investigar | Gold Mining |
| 25:32 | Investigar | Gold Mining |
| 25:49 | Construir | House |
| 26:09 | Construir | House |
| 26:11 | Construir | House |
| 26:27 | Construir | House |
| 26:41 | Edad | Edad de los Castillos |
| 26:42 | Investigar | Light Cavalry (upgrade) |
| 26:42 | Investigar | Light Cavalry (upgrade) |
| 26:47 | Crear | Knight |
| 26:50 | Crear | Knight |
| 26:50 | Crear | Knight |
| 26:50 | Crear | Knight |
Build order — Mal Vecino
Primeras 150 de 247 acciones detectadas
| 0:00 | Crear | Villager (Male) |
| 0:01 | Crear | Villager (Male) |
| 0:05 | Crear | Villager (Male) |
| 0:06 | Crear | Villager (Male) |
| 1:19 | Crear | Villager (Male) |
| 1:44 | Crear | Villager (Male) |
| 1:53 | Construir | Lumber Camp |
| 2:14 | Crear | Villager (Male) |
| 2:49 | Crear | Villager (Male) |
| 2:49 | Crear | Villager (Male) |
| 3:30 | Crear | Villager (Male) |
| 3:38 | Crear | Villager (Male) |
| 4:05 | Crear | Villager (Male) |
| 4:05 | Crear | Villager (Male) |
| 4:49 | Crear | Villager (Male) |
| 4:50 | Crear | Villager (Male) |
| 4:52 | Crear | Villager (Male) |
| 5:52 | Crear | Villager (Male) |
| 5:57 | Investigar | Loom |
| 7:11 | Crear | Villager (Male) |
| 7:22 | Crear | Villager (Male) |
| 7:26 | Crear | Villager (Male) |
| 7:29 | Crear | Villager (Male) |
| 7:29 | Crear | Villager (Male) |
| 7:32 | Construir | Mining Camp |
| 8:04 | Investigar | Feudal Age |
| 8:05 | Investigar | Feudal Age |
| 8:06 | Crear | Villager (Male) |
| 8:09 | Crear | Villager (Male) |
| 8:10 | Crear | Villager (Male) |
| 8:10 | Crear | Villager (Male) |
| 8:11 | Crear | Villager (Male) |
| 8:38 | Construir | Barracks |
| 8:47 | Construir | Barracks |
| 8:56 | Crear | Villager (Male) |
| 8:56 | Crear | Villager (Male) |
| 10:14 | Edad | Edad Feudal |
| 10:20 | Crear | Villager (Male) |
| 10:21 | Construir | Archery Range |
| 10:28 | Crear | Villager (Male) |
| 10:37 | Construir | Archery Range |
| 10:43 | Crear | Villager (Male) |
| 10:45 | Crear | Villager (Male) |
| 10:57 | Construir | Palisade Wall |
| 10:59 | Crear | Villager (Male) |
| 11:04 | Investigar | Double-Bit Axe |
| 11:05 | Crear | Archer |
| 11:06 | Crear | Archer |
| 11:08 | Crear | Villager (Male) |
| 11:13 | Crear | Villager (Male) |
| 11:14 | Crear | Villager (Male) |
| 11:20 | Crear | Villager (Male) |
| 11:41 | Crear | Archer |
| 11:42 | Crear | Archer |
| 11:45 | Crear | Archer |
| 11:45 | Crear | Archer |
| 12:14 | Construir | Archery Range |
| 12:17 | Crear | Villager (Male) |
| 12:30 | Crear | Archer |
| 12:48 | Crear | Archer |
| 12:53 | Crear | Archer |
| 12:55 | Crear | Villager (Male) |
| 13:26 | Crear | Archer |
| 13:26 | Crear | Archer |
| 13:49 | Crear | Archer |
| 13:50 | Crear | Archer |
| 13:51 | Crear | Villager (Male) |
| 13:52 | Crear | Villager (Male) |
| 13:53 | Crear | Villager (Male) |
| 14:15 | Crear | Archer |
| 14:16 | Crear | Villager (Male) |
| 14:19 | Construir | Mill |
| 14:29 | Construir | Blacksmith |
| 14:34 | Crear | Archer |
| 14:44 | Crear | Archer |
| 14:44 | Crear | Archer |
| 14:57 | Crear | Archer |
| 15:01 | Crear | Villager (Male) |
| 15:25 | Crear | Archer ×2 |
| 15:27 | Crear | Villager (Male) |
| 15:33 | Crear | Villager (Male) |
| 15:36 | Construir | Farm |
| 15:36 | Construir | Farm |
| 15:57 | Crear | Archer |
| 15:57 | Crear | Archer |
| 15:59 | Crear | Villager (Male) |
| 16:17 | Investigar | Fletching |
| 16:19 | Crear | Archer |
| 16:34 | Crear | Archer |
| 16:35 | Crear | Archer |
| 17:44 | Crear | Archer ×5 |
| 17:44 | Crear | Archer ×5 |
| 17:46 | Crear | Villager (Male) |
| 18:02 | Crear | Archer ×2 |
| 18:03 | Crear | Villager (Male) |
| 18:30 | Crear | Archer |
| 18:30 | Crear | Archer |
| 18:30 | Crear | Villager (Male) |
| 18:31 | Crear | Villager (Male) |
| 18:31 | Crear | Villager (Male) |
| 18:33 | Construir | Palisade Wall |
| 18:38 | Crear | Villager (Male) |
| 18:51 | Crear | Archer |
| 18:52 | Crear | Archer |
| 18:57 | Construir | Farm |
| 19:00 | Crear | Archer |
| 19:00 | Crear | Archer |
| 19:04 | Investigar | Padded Archer Armor |
| 19:04 | Investigar | Padded Archer Armor |
| 19:09 | Crear | Archer |
| 19:11 | Crear | Villager (Male) |
| 19:11 | Crear | Villager (Male) |
| 19:13 | Construir | Farm |
| 19:21 | Construir | Palisade Gate |
| 19:22 | Construir | Palisade Wall |
| 19:33 | Crear | Archer |
| 19:33 | Crear | Archer |
| 19:33 | Crear | Archer |
| 19:41 | Crear | Villager (Male) |
| 19:46 | Crear | Archer |
| 19:55 | Crear | Archer |
| 19:57 | Crear | Villager (Male) |
| 19:59 | Construir | Farm |
| 19:59 | Construir | Farm |
| 19:59 | Construir | Farm |
| 20:00 | Construir | Farm |
| 20:00 | Construir | Farm |
| 20:05 | Crear | Archer |
| 20:05 | Crear | Archer |
| 20:19 | Crear | Archer |
| 20:24 | Crear | Villager (Male) |
| 20:27 | Crear | Villager (Male) |
| 20:31 | Crear | Archer |
| 20:32 | Crear | Archer |
| 20:45 | Crear | Archer |
| 20:57 | Crear | Archer |
| 20:57 | Crear | Archer |
| 21:00 | Crear | Villager (Male) |
| 21:02 | Construir | Farm |
| 21:03 | Crear | Villager (Male) |
| 21:07 | Construir | Farm |
| 21:07 | Construir | Farm |
| 21:07 | Construir | Farm |
| 21:28 | Crear | Villager (Male) |
| 21:45 | Crear | Archer ×4 |
| 21:45 | Crear | Villager (Male) |
| 21:46 | Crear | Villager (Male) |
| 22:02 | Construir | Farm |
| 22:03 | Crear | Villager (Male) |
| 22:10 | Crear | Archer ×2 |
Build order — [KOF]_ChavaAzcona
Primeras 150 de 351 acciones detectadas
| 0:02 | Crear | Villager (Male) |
| 0:03 | Construir | House |
| 0:05 | Construir | House |
| 0:05 | Crear | Villager (Male) |
| 0:09 | Crear | Villager (Male) |
| 0:10 | Crear | Villager (Male) |
| 0:16 | Crear | Villager (Male) |
| 1:23 | Crear | Villager (Male) |
| 1:43 | Construir | Lumber Camp |
| 1:45 | Crear | Villager (Male) |
| 1:46 | Crear | Villager (Male) |
| 2:27 | Crear | Villager (Male) |
| 2:59 | Crear | Villager (Male) |
| 3:00 | Crear | Villager (Male) |
| 3:00 | Crear | Villager (Male) |
| 3:14 | Construir | House |
| 3:23 | Construir | House |
| 3:38 | Crear | Villager (Male) |
| 3:38 | Crear | Villager (Male) |
| 3:46 | Construir | House |
| 3:54 | Crear | Villager (Male) |
| 4:11 | Construir | Mill |
| 4:22 | Crear | Villager (Male) |
| 4:42 | Crear | Villager (Male) |
| 4:42 | Crear | Villager (Male) |
| 5:35 | Crear | Villager (Male) |
| 5:46 | Crear | Villager (Male) |
| 6:25 | Crear | Villager (Male) |
| 6:33 | Investigar | Loom |
| 7:13 | Investigar | Feudal Age |
| 7:13 | Investigar | Feudal Age |
| 7:37 | Construir | Barracks |
| 8:41 | Construir | House |
| 8:54 | Crear | Villager (Male) |
| 9:14 | Construir | House |
| 9:17 | Edad | Edad Feudal |
| 9:18 | Crear | Villager (Male) |
| 9:22 | Construir | Stable |
| 9:32 | Investigar | Double-Bit Axe |
| 10:00 | Crear | Villager (Male) |
| 10:18 | Construir | Palisade Wall |
| 10:20 | Crear | Villager (Male) |
| 10:21 | Crear | Scout Cavalry |
| 10:23 | Crear | Scout Cavalry |
| 10:35 | Construir | Farm |
| 10:35 | Construir | Farm |
| 10:46 | Construir | Palisade Wall |
| 10:49 | Crear | Scout Cavalry |
| 10:53 | Crear | Villager (Male) |
| 11:07 | Crear | Spearman |
| 11:36 | Crear | Villager (Male) |
| 11:37 | Crear | Scout Cavalry |
| 11:47 | Crear | Villager (Male) |
| 11:50 | Construir | Farm |
| 12:05 | Crear | Villager (Male) |
| 12:08 | Construir | Farm |
| 12:08 | Construir | Farm |
| 12:09 | Construir | Farm |
| 12:09 | Construir | Farm |
| 12:09 | Construir | Farm |
| 12:11 | Crear | Villager (Male) |
| 12:15 | Construir | Lumber Camp |
| 12:28 | Construir | Palisade Gate |
| 12:31 | Construir | House |
| 12:48 | Crear | Scout Cavalry |
| 12:52 | Crear | Villager (Male) |
| 12:55 | Construir | House |
| 12:57 | Construir | House |
| 13:11 | Crear | Villager (Male) |
| 13:14 | Construir | House |
| 13:29 | Crear | Villager (Male) |
| 13:35 | Construir | Farm |
| 13:35 | Construir | Farm |
| 13:35 | Construir | Farm |
| 13:36 | Construir | Farm |
| 13:46 | Crear | Villager (Male) |
| 13:58 | Crear | Scout Cavalry |
| 14:06 | Construir | Palisade Wall |
| 14:12 | Crear | Scout Cavalry |
| 14:19 | Construir | Palisade Wall |
| 14:32 | Crear | Villager (Male) |
| 14:38 | Construir | Farm |
| 14:38 | Construir | Farm |
| 14:43 | Crear | Scout Cavalry |
| 14:58 | Crear | Villager (Male) |
| 15:07 | Investigar | Horse Collar |
| 15:19 | Crear | Scout Cavalry |
| 15:21 | Crear | Villager (Male) |
| 15:25 | Construir | Farm |
| 15:25 | Construir | Farm |
| 15:26 | Construir | Farm |
| 15:26 | Construir | Farm |
| 15:26 | Construir | Farm |
| 15:35 | Crear | Villager (Male) |
| 15:40 | Construir | Blacksmith |
| 16:29 | Crear | Villager (Male) |
| 16:33 | Construir | Mining Camp |
| 16:39 | Investigar | Scale Barding Armor |
| 16:40 | Crear | Scout Cavalry |
| 17:06 | Crear | Scout Cavalry |
| 17:06 | Crear | Villager (Male) |
| 17:09 | Construir | House |
| 17:10 | Construir | House |
| 17:12 | Construir | House |
| 17:26 | Crear | Scout Cavalry |
| 17:26 | Crear | Scout Cavalry |
| 17:37 | Crear | Scout Cavalry |
| 17:37 | Crear | Scout Cavalry |
| 17:38 | Crear | Villager (Male) |
| 17:42 | Construir | Stable |
| 18:00 | Crear | Villager (Male) |
| 18:19 | Construir | Palisade Wall |
| 18:48 | Investigar | Forging |
| 18:48 | Crear | Villager (Male) |
| 19:08 | Crear | Scout Cavalry |
| 19:23 | Crear | Scout Cavalry |
| 19:37 | Crear | Scout Cavalry |
| 19:37 | Crear | Scout Cavalry |
| 19:49 | Crear | Villager (Male) |
| 19:49 | Crear | Villager (Male) |
| 19:59 | Crear | Villager (Male) |
| 20:05 | Crear | Scout Cavalry |
| 20:18 | Construir | Palisade Wall |
| 20:23 | Crear | Villager (Male) |
| 20:24 | Construir | Farm |
| 20:26 | Crear | Scout Cavalry |
| 20:26 | Crear | Scout Cavalry |
| 20:40 | Investigar | Bloodlines |
| 20:41 | Crear | Villager (Male) |
| 20:46 | Construir | House |
| 20:49 | Construir | House |
| 20:57 | Crear | Scout Cavalry |
| 21:04 | Construir | House |
| 21:06 | Construir | Farm |
| 21:12 | Construir | Market |
| 21:28 | Crear | Scout Cavalry |
| 21:28 | Crear | Scout Cavalry |
| 21:48 | Crear | Scout Cavalry |
| 21:49 | Crear | Villager (Male) |
| 21:52 | Construir | House |
| 21:54 | Construir | House |
| 22:21 | Construir | Farm |
| 22:22 | Construir | Farm |
| 22:22 | Construir | Farm |
| 23:02 | Crear | Villager (Male) |
| 23:03 | Crear | Villager (Male) |
| 23:06 | Construir | House |
| 23:09 | Construir | House |
| 23:34 | Construir | Farm |
| 23:35 | Construir | Farm |
Build order — GranSaiyaman420
Primeras 150 de 205 acciones detectadas
| 0:00 | Crear | Villager (Male) |
| 0:01 | Crear | Villager (Male) |
| 0:01 | Crear | Villager (Male) |
| 0:02 | Crear | Villager (Male) |
| 0:04 | Construir | House |
| 0:09 | Construir | House |
| 1:33 | Crear | Villager (Male) |
| 1:50 | Construir | Lumber Camp |
| 2:00 | Crear | Villager (Male) |
| 2:27 | Crear | Villager (Male) |
| 2:56 | Crear | Villager (Male) |
| 3:11 | Crear | Villager (Male) |
| 3:35 | Construir | House |
| 3:46 | Crear | Villager (Male) |
| 4:14 | Crear | Villager (Male) |
| 4:39 | Construir | Mill |
| 4:50 | Crear | Villager (Male) |
| 5:13 | Crear | Villager (Male) |
| 5:14 | Crear | Villager (Male) |
| 5:41 | Crear | Villager (Male) |
| 5:46 | Crear | Villager (Male) |
| 6:10 | Construir | House |
| 6:27 | Crear | Villager (Male) |
| 6:28 | Crear | Villager (Male) |
| 7:06 | Construir | Barracks |
| 7:28 | Investigar | Loom |
| 8:01 | Construir | House |
| 8:12 | Investigar | Feudal Age |
| 8:24 | Construir | Palisade Gate |
| 8:51 | Construir | Mining Camp |
| 9:09 | Construir | Palisade Wall |
| 9:38 | Construir | Palisade Wall |
| 9:59 | Crear | Villager (Male) |
| 10:22 | Edad | Edad Feudal |
| 10:25 | Construir | Archery Range |
| 10:28 | Construir | Archery Range |
| 10:29 | Crear | Villager (Male) |
| 10:42 | Construir | House |
| 11:09 | Crear | Villager (Male) |
| 11:34 | Construir | House |
| 11:37 | Construir | House |
| 11:39 | Crear | Archer ×5 |
| 11:40 | Crear | Archer ×5 |
| 11:44 | Construir | House |
| 12:12 | Construir | Blacksmith |
| 12:18 | Construir | House |
| 12:18 | Crear | Villager (Male) |
| 12:21 | Construir | House |
| 12:25 | Crear | Archer |
| 12:41 | Crear | Villager (Male) |
| 13:00 | Investigar | Fletching |
| 13:01 | Investigar | Padded Archer Armor |
| 13:26 | Construir | Archery Range |
| 13:48 | Crear | Archer |
| 13:48 | Crear | Villager (Male) |
| 13:48 | Crear | Villager (Male) |
| 14:22 | Crear | Archer ×3 |
| 14:24 | Crear | Villager (Male) |
| 14:32 | Crear | Archer |
| 14:33 | Crear | Villager (Male) |
| 14:37 | Construir | House |
| 15:02 | Crear | Archer |
| 15:11 | Construir | House |
| 15:13 | Construir | House |
| 15:17 | Crear | Archer |
| 15:43 | Construir | Stone Wall |
| 16:18 | Crear | Villager (Male) |
| 16:27 | Crear | Archer ×4 |
| 16:27 | Crear | Archer ×4 |
| 16:31 | Crear | Villager (Male) |
| 16:33 | Construir | House |
| 16:36 | Construir | Palisade Wall |
| 16:43 | Crear | Archer |
| 16:43 | Crear | Archer |
| 16:48 | Construir | House |
| 16:52 | Construir | House |
| 16:58 | Construir | Palisade Gate |
| 17:30 | Crear | Archer ×3 |
| 17:33 | Crear | Villager (Male) |
| 17:33 | Crear | Villager (Male) |
| 17:38 | Investigar | Double-Bit Axe |
| 17:40 | Investigar | Horse Collar |
| 17:42 | Construir | Farm |
| 17:43 | Construir | Farm |
| 17:55 | Construir | Farm |
| 18:13 | Crear | Archer ×2 |
| 18:13 | Crear | Archer ×2 |
| 18:25 | Construir | Farm |
| 18:28 | Construir | Farm |
| 18:30 | Crear | Villager (Male) |
| 18:48 | Crear | Archer ×3 |
| 19:02 | Crear | Archer |
| 19:33 | Crear | Archer |
| 19:36 | Crear | Villager (Male) |
| 19:36 | Crear | Villager (Male) |
| 19:36 | Crear | Villager (Male) |
| 19:38 | Construir | Farm |
| 19:39 | Construir | Farm |
| 19:41 | Construir | Farm |
| 19:52 | Crear | Archer ×2 |
| 19:53 | Crear | Archer ×2 |
| 20:00 | Crear | Archer |
| 20:01 | Crear | Villager (Male) |
| 20:06 | Construir | Lumber Camp |
| 20:10 | Construir | Farm |
| 20:18 | Construir | Farm |
| 20:21 | Construir | Farm |
| 20:54 | Crear | Archer ×3 |
| 21:04 | Crear | Archer |
| 21:49 | Crear | Villager (Male) |
| 21:51 | Crear | Archer ×3 |
| 21:51 | Crear | Archer ×3 |
| 21:52 | Crear | Villager (Male) |
| 21:52 | Crear | Villager (Male) |
| 21:54 | Construir | Farm |
| 21:55 | Construir | Farm |
| 21:57 | Construir | Farm |
| 22:48 | Crear | Villager (Male) |
| 22:50 | Crear | Archer ×4 |
| 22:51 | Crear | Villager (Male) |
| 22:51 | Crear | Villager (Male) |
| 23:27 | Crear | Archer ×2 |
| 23:40 | Crear | Archer |
| 23:41 | Crear | Villager (Male) |
| 23:44 | Construir | Farm |
| 23:45 | Construir | Farm |
| 23:46 | Construir | Farm |
| 23:47 | Construir | Farm |
| 23:51 | Investigar | Wheelbarrow |
| 24:39 | Crear | Archer ×4 |
| 24:44 | Crear | Villager (Male) |
| 24:59 | Construir | House |
| 25:00 | Construir | House |
| 25:02 | Crear | Archer |
| 25:03 | Crear | Archer |
| 25:23 | Crear | Spearman |
| 25:23 | Crear | Spearman |
| 25:42 | Investigar | Castle Age |
| 25:44 | Crear | Archer |
| 25:56 | Construir | Lumber Camp |
| 26:07 | Crear | Archer |
| 26:38 | Construir | House |
| 26:41 | Crear | Archer ×2 |
| 26:41 | Crear | Archer |
| 26:53 | Crear | Archer |
| 27:09 | Construir | Palisade Gate |
| 27:13 | Crear | Archer |
| 27:18 | Investigar | Gold Mining |
| 27:27 | Crear | Archer ×2 |
| 28:22 | Edad | Edad de los Castillos |
Build order — Forezth
Primeras 150 de 242 acciones detectadas
| 0:00 | Crear | Villager (Male) |
| 0:01 | Crear | Villager (Male) |
| 0:01 | Crear | Villager (Male) |
| 0:01 | Crear | Villager (Male) |
| 0:02 | Construir | House |
| 0:09 | Construir | House |
| 1:16 | Crear | Villager (Male) |
| 1:16 | Crear | Villager (Male) |
| 2:04 | Crear | Villager (Male) |
| 2:26 | Crear | Villager (Male) |
| 2:26 | Crear | Villager (Male) |
| 3:07 | Construir | Lumber Camp |
| 3:24 | Crear | Villager (Male) |
| 3:24 | Crear | Villager (Male) |
| 3:24 | Crear | Villager (Male) |
| 3:41 | Crear | Villager (Male) |
| 3:51 | Construir | House |
| 3:55 | Construir | House |
| 4:10 | Crear | Villager (Male) |
| 4:10 | Crear | Villager (Male) |
| 5:01 | Crear | Villager (Male) |
| 5:15 | Construir | Mill |
| 5:21 | Crear | Villager (Male) |
| 5:43 | Crear | Villager (Male) |
| 6:00 | Crear | Villager (Male) |
| 6:09 | Investigar | Loom |
| 6:47 | Investigar | Feudal Age |
| 7:15 | Crear | Villager (Male) |
| 7:46 | Construir | Barracks |
| 8:54 | Crear | Villager (Male) |
| 8:57 | Edad | Edad Feudal |
| 9:02 | Construir | Stable |
| 9:10 | Crear | Villager (Male) |
| 9:19 | Investigar | Double-Bit Axe |
| 9:35 | Construir | House |
| 9:41 | Construir | Palisade Wall |
| 9:53 | Construir | Palisade Wall |
| 9:56 | Crear | Scout Cavalry ×5 |
| 9:56 | Crear | Scout Cavalry ×5 |
| 10:03 | Crear | Villager (Male) |
| 10:04 | Crear | Villager (Male) |
| 10:30 | Crear | Villager (Male) |
| 10:33 | Crear | Scout Cavalry |
| 10:34 | Crear | Villager (Male) |
| 11:00 | Construir | Blacksmith |
| 11:02 | Construir | House |
| 11:15 | Crear | Scout Cavalry |
| 11:15 | Crear | Villager (Male) |
| 11:28 | Crear | Villager (Male) |
| 11:35 | Investigar | Horse Collar |
| 11:49 | Crear | Villager (Male) |
| 11:57 | Investigar | Town Watch |
| 12:23 | Construir | Farm |
| 12:24 | Construir | Farm |
| 12:24 | Construir | Farm |
| 12:24 | Construir | Farm |
| 12:24 | Construir | Farm |
| 12:25 | Construir | Farm |
| 12:25 | Construir | Farm |
| 12:40 | Crear | Scout Cavalry |
| 12:41 | Crear | Villager (Male) |
| 12:43 | Construir | Farm |
| 12:59 | Construir | Farm |
| 13:13 | Crear | Scout Cavalry ×3 |
| 13:44 | Crear | Scout Cavalry |
| 13:52 | Crear | Villager (Male) |
| 13:54 | Construir | Farm |
| 13:56 | Construir | House |
| 13:59 | Construir | House |
| 14:02 | Construir | House |
| 14:09 | Investigar | Scale Barding Armor |
| 14:23 | Investigar | Forging |
| 14:37 | Crear | Villager (Male) |
| 14:40 | Construir | House |
| 14:45 | Construir | House |
| 14:46 | Construir | House |
| 14:48 | Construir | House |
| 14:56 | Crear | Villager (Male) |
| 15:02 | Construir | Farm |
| 15:06 | Construir | Farm |
| 15:10 | Construir | Farm |
| 15:14 | Construir | Farm |
| 15:14 | Construir | Farm |
| 15:14 | Construir | Farm |
| 15:14 | Construir | Farm |
| 15:15 | Construir | Farm |
| 15:15 | Construir | Farm |
| 15:15 | Construir | Farm |
| 15:15 | Construir | Farm |
| 15:16 | Construir | Farm |
| 15:16 | Construir | Farm |
| 15:16 | Construir | Farm |
| 15:16 | Construir | Farm |
| 15:37 | Crear | Scout Cavalry |
| 15:40 | Crear | Villager (Male) |
| 15:45 | Construir | House |
| 15:46 | Construir | House |
| 15:57 | Crear | Scout Cavalry |
| 16:16 | Crear | Scout Cavalry |
| 16:17 | Crear | Scout Cavalry |
| 16:32 | Crear | Villager (Male) |
| 16:39 | Construir | Stable |
| 16:44 | Crear | Scout Cavalry |
| 17:11 | Crear | Scout Cavalry ×2 |
| 17:12 | Crear | Scout Cavalry ×2 |
| 17:37 | Crear | Scout Cavalry |
| 17:43 | Crear | Villager (Male) |
| 17:45 | Construir | Farm |
| 17:45 | Construir | Farm |
| 17:46 | Construir | Farm |
| 17:46 | Construir | Farm |
| 18:06 | Crear | Scout Cavalry |
| 18:13 | Crear | Villager (Male) |
| 18:20 | Construir | Mining Camp |
| 18:25 | Crear | Villager (Male) |
| 18:25 | Crear | Villager (Male) |
| 18:30 | Crear | Scout Cavalry |
| 18:30 | Crear | Scout Cavalry |
| 18:43 | Crear | Villager (Male) |
| 18:57 | Crear | Villager (Male) |
| 18:58 | Crear | Villager (Male) |
| 19:20 | Crear | Scout Cavalry |
| 19:24 | Crear | Scout Cavalry |
| 19:43 | Crear | Scout Cavalry ×2 |
| 20:02 | Construir | House |
| 20:02 | Construir | House |
| 20:10 | Crear | Villager (Male) |
| 20:10 | Crear | Villager (Male) |
| 20:34 | Crear | Villager (Male) |
| 20:41 | Construir | House |
| 21:00 | Investigar | Bloodlines |
| 21:03 | Crear | Scout Cavalry ×2 |
| 21:03 | Crear | Scout Cavalry ×2 |
| 21:39 | Crear | Villager (Male) |
| 21:39 | Crear | Villager (Male) |
| 21:42 | Construir | Farm |
| 21:42 | Construir | Farm |
| 21:43 | Construir | Farm |
| 21:43 | Construir | Farm |
| 21:43 | Construir | Farm |
| 21:44 | Construir | Farm |
| 21:44 | Construir | Farm |
| 21:47 | Construir | House |
| 22:00 | Crear | Villager (Male) |
| 22:19 | Construir | House |
| 22:20 | Construir | House |
| 22:49 | Crear | Villager (Male) |
| 23:13 | Crear | Villager (Male) |
| 23:47 | Investigar | Castle Age |
| 23:57 | Construir | Farm |
Build order — [KOF] alexisosunag
Primeras 150 de 306 acciones detectadas
| 0:00 | Crear | Villager (Male) |
| 0:00 | Crear | Villager (Male) |
| 0:01 | Crear | Villager (Male) |
| 0:01 | Crear | Villager (Male) |
| 0:02 | Construir | House |
| 0:03 | Construir | House |
| 1:28 | Crear | Villager (Male) |
| 1:28 | Crear | Villager (Male) |
| 1:56 | Crear | Villager (Male) |
| 1:56 | Crear | Villager (Male) |
| 2:22 | Construir | Lumber Camp |
| 2:31 | Crear | Villager (Male) |
| 2:51 | Crear | Villager (Male) |
| 2:51 | Crear | Villager (Male) |
| 2:52 | Crear | Villager (Male) |
| 3:39 | Crear | Villager (Male) |
| 3:39 | Crear | Villager (Male) |
| 3:49 | Construir | House |
| 3:51 | Construir | House |
| 4:23 | Crear | Villager (Male) |
| 4:43 | Crear | Villager (Male) |
| 4:45 | Crear | Villager (Male) |
| 5:07 | Construir | Mining Camp |
| 5:34 | Crear | Villager (Male) |
| 5:39 | Investigar | Loom |
| 6:50 | Investigar | Feudal Age |
| 6:50 | Investigar | Feudal Age |
| 7:23 | Crear | Villager (Male) |
| 8:06 | Construir | Barracks |
| 8:13 | Crear | Villager (Male) |
| 8:25 | Crear | Villager (Male) |
| 8:52 | Crear | Villager (Male) |
| 9:00 | Edad | Edad Feudal |
| 9:02 | Construir | Archery Range |
| 9:07 | Investigar | Double-Bit Axe |
| 9:27 | Crear | Villager (Male) |
| 9:39 | Construir | Palisade Wall |
| 9:40 | Construir | Palisade Wall |
| 9:41 | Construir | Palisade Wall |
| 9:41 | Construir | Palisade Wall |
| 9:42 | Construir | Palisade Wall |
| 9:57 | Construir | Archery Range |
| 10:13 | Construir | House |
| 10:19 | Crear | Archer |
| 10:21 | Crear | Villager (Male) |
| 10:25 | Crear | Archer |
| 10:30 | Construir | House |
| 10:31 | Construir | House |
| 10:37 | Crear | Villager (Male) |
| 10:52 | Crear | Villager (Male) |
| 10:53 | Crear | Archer |
| 10:53 | Crear | Archer |
| 11:11 | Crear | Archer |
| 11:15 | Crear | Villager (Male) |
| 11:20 | Construir | Palisade Wall |
| 11:21 | Construir | Palisade Wall |
| 11:22 | Construir | Palisade Wall |
| 11:31 | Crear | Archer |
| 11:33 | Crear | Archer |
| 11:35 | Crear | Archer |
| 11:45 | Crear | Villager (Male) |
| 11:53 | Crear | Archer |
| 12:06 | Crear | Villager (Male) |
| 12:11 | Construir | Blacksmith |
| 12:15 | Crear | Archer |
| 12:19 | Crear | Villager (Male) |
| 12:25 | Construir | Palisade Wall |
| 12:35 | Crear | Archer |
| 12:35 | Crear | Archer |
| 12:37 | Crear | Villager (Male) |
| 12:45 | Crear | Villager (Male) |
| 12:59 | Construir | House |
| 13:01 | Construir | House |
| 13:16 | Investigar | Fletching |
| 13:23 | Construir | Mill |
| 13:34 | Crear | Archer |
| 13:48 | Crear | Archer |
| 13:55 | Investigar | Padded Archer Armor |
| 13:57 | Crear | Archer |
| 13:57 | Crear | Archer |
| 14:04 | Construir | House |
| 14:21 | Crear | Archer |
| 14:26 | Construir | Farm |
| 14:28 | Construir | Farm |
| 14:35 | Construir | Farm |
| 14:38 | Construir | Palisade Wall |
| 14:44 | Crear | Archer |
| 14:44 | Crear | Archer |
| 14:49 | Crear | Villager (Male) |
| 14:52 | Construir | House |
| 15:07 | Construir | Farm |
| 15:13 | Crear | Archer |
| 15:15 | Crear | Villager (Male) |
| 15:17 | Construir | House |
| 16:12 | Crear | Archer |
| 16:12 | Crear | Archer |
| 16:22 | Crear | Archer |
| 16:22 | Crear | Archer |
| 16:46 | Crear | Archer |
| 16:49 | Crear | Villager (Male) |
| 16:52 | Construir | House |
| 16:58 | Construir | Market |
| 17:22 | Crear | Archer |
| 17:22 | Crear | Archer |
| 17:34 | Crear | Archer |
| 17:56 | Crear | Archer |
| 17:58 | Crear | Villager (Male) |
| 18:00 | Construir | Farm |
| 18:03 | Construir | House |
| 18:08 | Crear | Villager (Male) |
| 18:13 | Construir | Palisade Gate |
| 18:13 | Construir | Palisade Wall |
| 18:19 | Crear | Archer |
| 18:19 | Crear | Archer |
| 18:21 | Crear | Villager (Male) |
| 18:23 | Construir | Farm |
| 18:32 | Crear | Archer |
| 18:33 | Crear | Archer |
| 18:35 | Crear | Villager (Male) |
| 18:51 | Construir | Archery Range |
| 18:55 | Crear | Archer |
| 18:55 | Crear | Archer |
| 19:05 | Crear | Archer |
| 19:26 | Crear | Archer |
| 19:26 | Crear | Archer |
| 19:29 | Construir | Palisade Wall |
| 19:36 | Crear | Archer |
| 19:50 | Crear | Archer |
| 19:50 | Crear | Archer |
| 19:59 | Construir | House |
| 20:00 | Construir | House |
| 20:07 | Construir | House |
| 20:11 | Construir | Lumber Camp |
| 20:12 | Crear | Archer |
| 20:12 | Crear | Archer |
| 20:34 | Construir | Lumber Camp |
| 20:39 | Crear | Archer |
| 20:53 | Crear | Archer |
| 20:58 | Crear | Villager (Male) |
| 20:58 | Crear | Villager (Male) |
| 20:58 | Crear | Villager (Male) |
| 21:08 | Construir | House |
| 21:23 | Crear | Archer |
| 21:26 | Construir | Palisade Wall |
| 21:45 | Crear | Villager (Male) |
| 21:45 | Crear | Villager (Male) |
| 21:47 | Construir | Farm |
| 21:47 | Construir | Farm |
| 21:47 | Construir | Farm |
| 21:48 | Construir | Farm |
Build order — kechecho
Primeras 150 de 435 acciones detectadas
| 0:01 | Crear | Villager (Male) |
| 0:01 | Crear | Villager (Male) |
| 0:01 | Crear | Villager (Male) |
| 0:02 | Crear | Villager (Male) |
| 0:02 | Crear | Villager (Male) |
| 0:05 | Construir | House |
| 0:07 | Construir | House |
| 1:33 | Crear | Villager (Male) |
| 1:33 | Crear | Villager (Male) |
| 2:04 | Crear | Villager (Male) |
| 2:08 | Construir | Lumber Camp |
| 2:26 | Crear | Villager (Male) |
| 2:55 | Crear | Villager (Male) |
| 3:06 | Crear | Villager (Male) |
| 3:06 | Crear | Villager (Male) |
| 3:32 | Construir | House |
| 3:38 | Crear | Villager (Male) |
| 4:10 | Crear | Villager (Male) |
| 4:10 | Crear | Villager (Male) |
| 4:12 | Construir | House |
| 4:14 | Construir | House |
| 4:26 | Crear | Villager (Male) |
| 4:26 | Crear | Villager (Male) |
| 4:55 | Construir | Palisade Gate |
| 5:00 | Construir | Mill |
| 5:08 | Construir | Mill |
| 5:12 | Crear | Villager (Male) |
| 5:12 | Crear | Villager (Male) |
| 5:12 | Crear | Villager (Male) |
| 6:23 | Crear | Villager (Male) |
| 6:23 | Crear | Villager (Male) |
| 6:59 | Crear | Villager (Male) |
| 7:01 | Crear | Villager (Male) |
| 7:29 | Investigar | Loom |
| 7:37 | Construir | Barracks |
| 8:03 | Investigar | Feudal Age |
| 8:04 | Investigar | Feudal Age |
| 8:13 | Construir | Lumber Camp |
| 8:27 | Construir | Palisade Gate |
| 9:03 | Crear | Villager (Male) |
| 9:03 | Crear | Villager (Male) |
| 9:34 | Construir | House |
| 9:36 | Construir | Palisade Wall |
| 9:36 | Construir | Palisade Wall |
| 9:37 | Construir | Palisade Wall |
| 9:38 | Construir | Palisade Wall |
| 9:39 | Construir | Palisade Wall |
| 9:40 | Construir | Palisade Wall |
| 10:17 | Edad | Edad Feudal |
| 10:20 | Construir | Stable |
| 10:22 | Construir | Stable |
| 10:31 | Investigar | Double-Bit Axe |
| 10:31 | Investigar | Double-Bit Axe |
| 10:33 | Crear | Villager (Male) |
| 10:49 | Construir | House |
| 10:51 | Construir | House |
| 10:51 | Construir | Palisade Wall |
| 10:52 | Construir | Palisade Wall |
| 10:55 | Crear | Villager (Male) |
| 11:27 | Crear | Scout Cavalry |
| 11:27 | Crear | Scout Cavalry |
| 11:28 | Crear | Scout Cavalry |
| 11:28 | Crear | Scout Cavalry |
| 11:41 | Construir | Blacksmith |
| 11:49 | Construir | Palisade Wall |
| 11:54 | Crear | Villager (Male) |
| 12:12 | Construir | Farm |
| 12:13 | Construir | Farm |
| 12:16 | Construir | Farm |
| 12:22 | Crear | Villager (Male) |
| 12:27 | Construir | Farm |
| 12:28 | Construir | Farm |
| 12:32 | Construir | Palisade Wall |
| 12:33 | Construir | Palisade Wall |
| 12:34 | Construir | Palisade Wall |
| 12:35 | Construir | Palisade Wall |
| 12:36 | Construir | Palisade Wall |
| 12:42 | Construir | Farm |
| 12:47 | Construir | Farm |
| 12:51 | Crear | Scout Cavalry |
| 13:08 | Crear | Scout Cavalry |
| 13:10 | Crear | Villager (Male) |
| 13:35 | Crear | Scout Cavalry |
| 13:36 | Crear | Scout Cavalry |
| 13:58 | Crear | Scout Cavalry |
| 13:58 | Crear | Scout Cavalry |
| 14:11 | Crear | Villager (Male) |
| 14:12 | Crear | Villager (Male) |
| 14:21 | Construir | House |
| 14:22 | Construir | House |
| 14:23 | Construir | House |
| 14:45 | Construir | Market |
| 14:48 | Construir | House |
| 14:48 | Construir | House |
| 14:49 | Construir | House |
| 14:56 | Investigar | Scale Barding Armor |
| 15:13 | Crear | Scout Cavalry |
| 15:20 | Construir | House |
| 15:24 | Crear | Villager (Male) |
| 15:25 | Crear | Villager (Male) |
| 15:55 | Crear | Scout Cavalry |
| 16:14 | Construir | House |
| 16:22 | Construir | Mill |
| 16:24 | Construir | Farm |
| 16:25 | Construir | Farm |
| 16:25 | Construir | Farm |
| 16:25 | Construir | Farm |
| 16:25 | Construir | Farm |
| 16:26 | Construir | Farm |
| 16:26 | Construir | Farm |
| 16:30 | Construir | Farm |
| 16:34 | Crear | Scout Cavalry |
| 16:35 | Crear | Scout Cavalry |
| 16:35 | Crear | Scout Cavalry |
| 16:42 | Crear | Villager (Male) |
| 16:48 | Construir | Farm |
| 16:54 | Investigar | Horse Collar |
| 16:55 | Investigar | Horse Collar |
| 16:56 | Crear | Villager (Male) |
| 16:56 | Crear | Villager (Male) |
| 17:11 | Crear | Scout Cavalry |
| 17:20 | Crear | Villager (Male) |
| 17:20 | Crear | Villager (Male) |
| 17:29 | Crear | Villager (Male) |
| 17:29 | Crear | Villager (Male) |
| 17:47 | Construir | Palisade Wall |
| 17:49 | Construir | Palisade Wall |
| 17:56 | Crear | Scout Cavalry |
| 17:56 | Crear | Scout Cavalry |
| 17:57 | Crear | Scout Cavalry |
| 18:09 | Investigar | Forging |
| 18:09 | Investigar | Forging |
| 18:19 | Construir | Mill |
| 18:20 | Construir | Farm |
| 18:21 | Construir | Farm |
| 18:21 | Construir | Farm |
| 18:21 | Construir | Farm |
| 18:21 | Construir | Farm |
| 18:22 | Construir | Farm |
| 18:22 | Construir | Farm |
| 18:26 | Crear | Villager (Male) |
| 18:26 | Crear | Villager (Male) |
| 18:47 | Crear | Scout Cavalry |
| 18:47 | Crear | Scout Cavalry |
| 18:47 | Crear | Scout Cavalry |
| 19:18 | Crear | Scout Cavalry |
| 19:18 | Crear | Scout Cavalry |
| 19:18 | Crear | Scout Cavalry |
| 19:23 | Construir | Farm |
| 19:25 | Construir | Farm |
Build order — JR | Xepher
Primeras 150 de 233 acciones detectadas
| 0:01 | Crear | Villager (Male) |
| 0:02 | Construir | House |
| 0:03 | Construir | House |
| 0:09 | Crear | Villager (Male) ×3 |
| 1:27 | Crear | Villager (Male) |
| 1:48 | Construir | Lumber Camp |
| 1:50 | Crear | Villager (Male) |
| 2:28 | Crear | Villager (Male) |
| 2:54 | Crear | Villager (Male) |
| 3:10 | Crear | Villager (Male) |
| 3:18 | Construir | House |
| 3:43 | Crear | Villager (Male) |
| 4:05 | Crear | Villager (Male) |
| 4:05 | Crear | Villager (Male) |
| 4:59 | Crear | Villager (Male) |
| 5:29 | Crear | Villager (Male) |
| 5:30 | Crear | Villager (Male) |
| 5:59 | Crear | Villager (Male) |
| 6:06 | Construir | Mill |
| 6:35 | Investigar | Loom |
| 7:11 | Investigar | Feudal Age |
| 7:57 | Construir | Barracks |
| 8:22 | Construir | Mining Camp |
| 8:47 | Construir | House |
| 9:06 | Crear | Villager (Male) |
| 9:07 | Crear | Villager (Male) |
| 9:21 | Edad | Edad Feudal |
| 9:23 | Construir | Archery Range |
| 9:59 | Construir | Archery Range |
| 10:02 | Crear | Villager (Male) |
| 10:05 | Crear | Archer |
| 10:25 | Crear | Villager (Male) |
| 10:35 | Construir | Palisade Gate |
| 10:44 | Crear | Archer |
| 10:45 | Crear | Archer |
| 10:49 | Construir | House |
| 10:51 | Construir | House |
| 11:04 | Construir | House |
| 11:08 | Construir | Palisade Wall |
| 11:17 | Crear | Villager (Male) |
| 11:26 | Construir | House |
| 11:38 | Crear | Villager (Male) |
| 11:55 | Crear | Archer |
| 11:55 | Crear | Archer |
| 12:00 | Crear | Villager (Male) |
| 12:18 | Construir | Blacksmith |
| 12:32 | Construir | Palisade Wall |
| 12:42 | Crear | Archer |
| 12:42 | Crear | Archer |
| 12:43 | Crear | Villager (Male) |
| 13:09 | Crear | Archer |
| 13:09 | Crear | Archer |
| 13:12 | Crear | Villager (Male) |
| 13:13 | Crear | Villager (Male) |
| 13:29 | Investigar | Fletching |
| 13:48 | Crear | Archer |
| 13:48 | Crear | Archer |
| 13:52 | Construir | Palisade Wall |
| 13:55 | Crear | Villager (Male) |
| 13:58 | Construir | Farm |
| 14:21 | Crear | Archer |
| 14:22 | Crear | Archer |
| 14:25 | Crear | Villager (Male) |
| 14:27 | Construir | Farm |
| 14:32 | Construir | Farm |
| 14:41 | Construir | House |
| 14:43 | Construir | Palisade Wall |
| 14:46 | Crear | Archer |
| 14:47 | Crear | Archer |
| 14:49 | Crear | Villager (Male) |
| 14:55 | Construir | Farm |
| 15:09 | Construir | House |
| 15:10 | Construir | House |
| 15:31 | Crear | Archer |
| 15:31 | Crear | Archer |
| 15:43 | Crear | Villager (Male) |
| 15:44 | Crear | Villager (Male) |
| 16:00 | Crear | Villager (Male) |
| 16:02 | Construir | Farm |
| 16:28 | Crear | Archer |
| 16:29 | Crear | Villager (Male) |
| 16:32 | Construir | Farm |
| 16:39 | Construir | House |
| 16:40 | Construir | House |
| 16:41 | Construir | House |
| 16:42 | Construir | House |
| 16:45 | Crear | Archer |
| 16:46 | Crear | Archer |
| 16:50 | Crear | Villager (Male) |
| 16:56 | Construir | Palisade Wall |
| 17:34 | Crear | Archer |
| 17:34 | Crear | Archer |
| 17:46 | Crear | Archer |
| 17:46 | Crear | Archer |
| 17:47 | Crear | Villager (Male) |
| 17:49 | Construir | Farm |
| 17:55 | Construir | House |
| 17:58 | Construir | House |
| 18:00 | Construir | Palisade Wall |
| 18:08 | Crear | Archer |
| 18:08 | Crear | Archer |
| 18:20 | Crear | Villager (Male) |
| 18:23 | Construir | Farm |
| 18:25 | Construir | Farm |
| 18:49 | Crear | Villager (Male) |
| 18:50 | Crear | Villager (Male) |
| 19:08 | Crear | Archer |
| 19:09 | Crear | Archer |
| 19:18 | Construir | Palisade Gate |
| 19:25 | Investigar | Castle Age |
| 19:40 | Crear | Archer |
| 19:40 | Crear | Archer |
| 19:49 | Construir | Farm |
| 19:53 | Investigar | Padded Archer Armor |
| 20:16 | Crear | Archer |
| 20:17 | Crear | Archer |
| 20:24 | Construir | Farm |
| 20:45 | Construir | House |
| 20:47 | Construir | House |
| 20:49 | Construir | House |
| 20:59 | Crear | Archer |
| 20:59 | Crear | Archer |
| 21:05 | Construir | House |
| 21:42 | Construir | Palisade Wall |
| 21:48 | Crear | Archer |
| 21:53 | Construir | Farm |
| 21:58 | Investigar | Gold Mining |
| 22:01 | Investigar | Horse Collar |
| 22:05 | Construir | Lumber Camp |
| 22:20 | Edad | Edad de los Castillos |
| 22:23 | Investigar | Crossbowman (upgrade) |
| 22:29 | Investigar | Bodkin Arrow |
| 22:31 | Investigar | Double-Bit Axe |
| 22:34 | Crear | Villager (Male) |
| 22:52 | Construir | Palisade Gate |
| 23:14 | Crear | Archer |
| 23:14 | Crear | Archer |
| 23:16 | Crear | Villager (Male) |
| 23:24 | Construir | University |
| 23:29 | Crear | Villager (Male) |
| 23:41 | Crear | Archer |
| 23:43 | Crear | Archer |
| 24:01 | Crear | Villager (Male) |
| 24:30 | Crear | Archer |
| 24:32 | Crear | Archer |
| 24:46 | Construir | Lumber Camp |
| 24:47 | Crear | Villager (Male) |
| 25:03 | Investigar | Ballistics |
| 25:17 | Crear | Archer |
| 25:18 | Crear | Archer |
Cronología de la partida
| 7:06 | GranSaiyaman420 · first_building Barracks |
| 7:37 | kechecho · first_building Barracks |
| 7:37 | [KOF]_ChavaAzcona · first_building Barracks |
| 7:44 | JR | Cerbs98 · first_building Barracks |
| 7:46 | Forezth · first_building Barracks |
| 7:57 | JR | Xepher · first_building Barracks |
| 8:06 | [KOF] alexisosunag · first_building Barracks |
| 8:38 | Mal Vecino · first_building Barracks |
| 8:57 | Forezth · age_up feudal |
| 9:00 | [KOF] alexisosunag · age_up feudal |
| 9:02 | [KOF] alexisosunag · first_building Archery Range |
| 9:02 | Forezth · first_building Stable |
| 9:09 | GranSaiyaman420 · wall_segment Palisade Wall x9 |
| 9:16 | JR | Cerbs98 · age_up feudal |
| 9:17 | [KOF]_ChavaAzcona · age_up feudal |
| 9:20 | JR | Cerbs98 · first_building Stable |
| 9:21 | JR | Xepher · age_up feudal |
| 9:22 | [KOF]_ChavaAzcona · first_building Stable |
| 9:23 | JR | Xepher · first_building Archery Range |
| 9:36 | kechecho · wall_segment Palisade Wall x1 |
| 9:36 | kechecho · wall_segment Palisade Wall x1 |
| 9:37 | kechecho · wall_segment Palisade Wall x1 |
| 9:38 | GranSaiyaman420 · wall_segment Palisade Wall x1 |
| 9:38 | kechecho · wall_segment Palisade Wall x1 |
| 9:39 | kechecho · wall_segment Palisade Wall x1 |
| 9:39 | [KOF] alexisosunag · wall_segment Palisade Wall x1 |
| 9:40 | kechecho · wall_segment Palisade Wall x1 |
| 9:40 | [KOF] alexisosunag · wall_segment Palisade Wall x1 |
| 9:41 | Forezth · wall_segment Palisade Wall x6 |
| 9:41 | [KOF] alexisosunag · wall_segment Palisade Wall x1 |
| 9:41 | [KOF] alexisosunag · wall_segment Palisade Wall x1 |
| 9:42 | [KOF] alexisosunag · wall_segment Palisade Wall x1 |
| 9:53 | Forezth · wall_segment Palisade Wall x3 |
| 10:14 | Mal Vecino · age_up feudal |
| 10:17 | kechecho · age_up feudal |
| 10:18 | [KOF]_ChavaAzcona · wall_segment Palisade Wall x12 |
| 10:20 | kechecho · first_building Stable |
| 10:21 | Mal Vecino · first_building Archery Range |
| 10:22 | GranSaiyaman420 · age_up feudal |
| 10:25 | GranSaiyaman420 · first_building Archery Range |
| 10:46 | [KOF]_ChavaAzcona · wall_segment Palisade Wall x10 |
| 10:51 | kechecho · wall_segment Palisade Wall x1 |
| 10:52 | kechecho · wall_segment Palisade Wall x1 |
| 10:57 | Mal Vecino · wall_segment Palisade Wall x5 |
| 11:08 | JR | Xepher · wall_segment Palisade Wall x6 |
| 11:20 | [KOF] alexisosunag · wall_segment Palisade Wall x1 |
| 11:21 | [KOF] alexisosunag · wall_segment Palisade Wall x1 |
| 11:22 | [KOF] alexisosunag · wall_segment Palisade Wall x1 |
| 11:49 | kechecho · wall_segment Palisade Wall x11 |
| 12:25 | [KOF] alexisosunag · wall_segment Palisade Wall x3 |
| 12:32 | kechecho · wall_segment Palisade Wall x1 |
| 12:32 | JR | Xepher · wall_segment Palisade Wall x1 |
| 12:33 | kechecho · wall_segment Palisade Wall x1 |
| 12:34 | kechecho · wall_segment Palisade Wall x1 |
| 12:35 | kechecho · wall_segment Palisade Wall x1 |
| 12:36 | kechecho · wall_segment Palisade Wall x1 |
| 13:52 | JR | Xepher · wall_segment Palisade Wall x1 |
| 14:06 | [KOF]_ChavaAzcona · wall_segment Palisade Wall x13 |
| 14:19 | [KOF]_ChavaAzcona · wall_segment Palisade Wall x9 |
| 14:38 | [KOF] alexisosunag · wall_segment Palisade Wall x10 |
| 14:43 | JR | Xepher · wall_segment Palisade Wall x9 |
| 14:52 | JR | Cerbs98 · wall_segment Palisade Wall x1 |
| 14:55 | JR | Cerbs98 · wall_segment Palisade Wall x4 |
| 15:43 | GranSaiyaman420 · wall_segment Stone Wall x1 |
| 16:36 | GranSaiyaman420 · wall_segment Palisade Wall x1 |
| 16:56 | JR | Xepher · wall_segment Palisade Wall x1 |
| 17:47 | kechecho · wall_segment Palisade Wall x14 |
| 17:49 | kechecho · wall_segment Palisade Wall x4 |
| 18:00 | JR | Xepher · wall_segment Palisade Wall x4 |
| 18:13 | [KOF] alexisosunag · wall_segment Palisade Wall x7 |
| 18:18 | JR | Cerbs98 · wall_segment Palisade Wall x1 |
| 18:19 | [KOF]_ChavaAzcona · wall_segment Palisade Wall x12 |
| 18:33 | Mal Vecino · wall_segment Palisade Wall x1 |
| 19:22 | Mal Vecino · wall_segment Palisade Wall x1 |
| 19:29 | [KOF] alexisosunag · wall_segment Palisade Wall x1 |
| 20:18 | [KOF]_ChavaAzcona · wall_segment Palisade Wall x3 |
| 21:26 | [KOF] alexisosunag · wall_segment Palisade Wall x1 |
| 21:42 | JR | Xepher · wall_segment Palisade Wall x1 |
| 22:20 | JR | Xepher · age_up castle |
| 23:31 | [KOF]_ChavaAzcona · first_market_buy 100 food |
| 23:40 | [KOF] alexisosunag · wall_segment Palisade Wall x1 |
| 23:43 | [KOF]_ChavaAzcona · first_market_sell 100 wood |
| 23:46 | [KOF] alexisosunag · wall_segment Palisade Wall x1 |
| 24:27 | [KOF] alexisosunag · first_market_buy 100 food |
| 24:53 | Mal Vecino · wall_segment Palisade Wall x1 |
| 25:25 | [KOF] alexisosunag · wall_segment Palisade Wall x4 |
| 25:35 | kechecho · age_up castle |
| 25:44 | [KOF] alexisosunag · wall_segment Palisade Wall x7 |
| 25:48 | [KOF] alexisosunag · wall_segment Palisade Wall x1 |
| 25:49 | [KOF] alexisosunag · wall_segment Palisade Wall x1 |
| 25:52 | [KOF] alexisosunag · wall_segment Palisade Wall x5 |
| 25:56 | [KOF] alexisosunag · wall_segment Palisade Wall x1 |
| 25:57 | [KOF] alexisosunag · wall_segment Palisade Wall x1 |
| 25:58 | [KOF] alexisosunag · wall_segment Palisade Wall x1 |
| 26:01 | [KOF] alexisosunag · wall_segment Palisade Wall x4 |
| 26:13 | [KOF]_ChavaAzcona · age_up castle |
| 26:15 | Mal Vecino · first_market_sell 500 stone |
| 26:19 | Mal Vecino · first_market_buy 100 wood |
| 26:27 | Forezth · age_up castle |
| 26:41 | JR | Cerbs98 · age_up castle |
| 27:08 | [KOF] alexisosunag · age_up castle |
| 28:03 | Mal Vecino · age_up castle |
| 28:20 | kechecho · first_market_sell 100 food |
| 28:22 | GranSaiyaman420 · age_up castle |
| 30:02 | [KOF] alexisosunag · first_building Siege Workshop |
| 30:34 | kechecho · first_market_buy 100 wood |
| 31:01 | Mal Vecino · first_building Siege Workshop |
| 31:09 | GranSaiyaman420 · first_building Siege Workshop |
| 31:22 | [KOF] alexisosunag · first_market_sell 100 wood |
| 31:29 | JR | Cerbs98 · wall_segment Palisade Wall x1 |
| 32:48 | JR | Xepher · first_building Monastery |
| 34:32 | Mal Vecino · resign |
| 35:43 | JR | Cerbs98 · first_building Monastery |
| 35:56 | JR | Xepher · first_building Castle |
| 36:59 | kechecho · first_building Castle |
| 37:18 | JR | Xepher · age_up imperial |
| 38:38 | GranSaiyaman420 · first_building Castle |
[ ANÁLISIS IA · 1 CRÉDITO ]
¿Qué pasó realmente en esta partida?
Wolo.gg analiza cada decisión: build order, eco, micro, errores típicos por bracket. Análisis personalizado por WhatsApp o Discord en 30 segundos.
Guía civ
Bereberes
Perfil
Jugador #4335874